 Dungeon Crawl Stone Soup version 0.23.2-30-g0e89c35649 (webtiles) character file.

Game seed: 18162357061705469952

28 Masnef the Vexing (level 2, -2/11 HPs)
             Began as a Felid Enchanter on June 24, 2019.
             Slain by a goblin
             ... wielding a +0 dagger
              (3 damage)
             ... on level 2 of the Dungeon.
             The game lasted 00:02:37 (2018 turns).

Masnef the Vexing (Felid Enchanter)                 Turns: 2018, Time: 00:02:38

Health: -2/11      AC:  1    Str:  4    XL:     2   Next: 96%
Magic:  6/6        EV: 18    Int: 16    God:
Gold:   94         SH:  0    Dex: 16    Spells: 4/5 levels left
                                        Lives:  0   Deaths: 0

rFire    . . .     SeeInvis +     - Unarmed
rCold    . . .     Gourm    .   (shield unavailable)
rNeg     . . .     Faith    .   (armour unavailable)
rPois    .         Spirit   .   (helmet unavailable)
rElec    .         Reflect  .   (cloak unavailable)
rCorr    .         Harm     .   (gloves unavailable)
MR       .....                  (boots unavailable)
Stlth    +++.......             (no amulet)
HPRegen  0.03/turn              (no ring)
MPRegen  0.10/turn              (no ring)

@: quick
A: very small, no armour, no weapons or thrown items, stealth, claws 1, fangs 3,
see invisible, carnivore, speed 1, shaggy fur 1, slow metabolism 1, sharp paws
a: no special abilities


You were on level 2 of the Dungeon.
You were not hungry.

You visited 1 branch of the dungeon, and saw 2 of its levels.

You collected 94 gold pieces.

Inventory:

Scrolls
 a - a scroll of remove curse {unknown}
 d - a scroll of identify {unknown}
 f - a scroll of fog {unknown}
 g - a scroll of enchant armour {unknown}
Potions
 c - a potion of heal wounds {unknown}
 e - a potion of lignification {unknown}
 h - a potion of agility {unknown}
Comestibles
 b - 3 rations


   Skills:
 + Level 3.3 Dodging
 + Level 4.2 Stealth
 * Level 2.3 Unarmed Combat
 - Level 2.0 Spellcasting
 - Level 4.4 Hexes


You had 4 spell levels left.
You knew the following spells:

 Your Spells              Type           Power        Failure   Level  Hunger
a - Corona                Hex            ###....      3%          1    #......

Your spell library contained the following spells:

 Spells                   Type           Power        Failure   Level  Hunger
 Confuse                  Hex            ###.....     11%         3    ###....
 Tukima's Dance           Hex            ###.....     11%         3    ###....
 Ensorcelled Hibernation  Hex/Ice        #.....       13%         2    ###....
 Magic Dart               Conj           #...         21%         1    #......
 Dazzling Spray           Conj/Hex       #.....       26%         3    ###....


Dungeon Overview and Level Annotations

Branches:
Dungeon (2/15)

Altars:
Kikubaaqudgha
Sif Muna
Vehumet


Innate Abilities, Weirdness & Mutations

You cannot wear armour.
You are incapable of wielding weapons or throwing items.
Your paws allow you to move quietly. (Stealth)
You have sharp claws.
You have razor-sharp teeth.
You have supernaturally acute eyesight. (SInv)
You are carnivorous and can eat meat at any time.
You cover ground quickly.
You are covered in fur. (AC +1)
You have a slow metabolism.
Your sharp claws are effective at attacking unaware monsters.


Message History

You barely miss the goblin. You bite the goblin.
The goblin is heavily wounded.
The goblin hits you with a +0 dagger.
* * * LOW HITPOINT WARNING * * *
You are too injured to fight recklessly!
You are too injured to fight recklessly!
You are too injured to fight recklessly!
You scratch the goblin but do no damage.
The goblin is heavily wounded.
The goblin hits you with a +0 dagger.
* * * LOW HITPOINT WARNING * * *
Casting: Corona (safe; 3% risk of failure)
Confirm with . or Enter, or press ? or * to list all spells.
You don't know that spell.
Unknown command.
You see here a cursed -1 club.
A goblin is nearby!
You see here a cursed -1 club.
The goblin hits you with a +0 dagger.
You die...

##.###.#..##.##
#####......##....# ######
##......########.##
.....###.......# #.######
...............# ####......#
.......##......# ##....####.#
.......##......####....#####.#
.......##........#.(.........
.......##.....).@g.....######
.......####.#####......#
.......# #.# ####...>.#
...)...## #.# #......(.#
.....>..###.###....#.).#
.........##.#..g.###...#
.......#........#####....
......##..............####
...............#.######


You could see a goblin.

Vanquished Creatures
  A leopard gecko (D:2)
  A giant cockroach (D:2)
  4 goblins
  5 hobgoblins
  2 jackals (D:2)
  4 bats
  2 frilled lizards (D:2)
  3 kobolds
  2 rats
24 creatures vanquished.

Notes
Turn   | Place    | Note
-------+----------+-------------------------------------------
     0 | D:1      | Masnef the Felid Enchanter began the quest for the Orb.
     0 | D:1      | Reached XP level 1. HP: 7/7 MP: 4/4
   707 | D:2      | Reached XP level 2. HP: 11/11 MP: 6/6
  1891 | D:2      | Found a radiant altar of Vehumet.
  1891 | D:2      | Found an ancient bone altar of Kikubaaqudgha.
  1892 | D:2      | Found a deep blue altar of Sif Muna.
  1903 | D:2      | Identified Vehumet's Handbook of Arcane Weapons
  2018 | D:2      | Slain by a goblin

Skill      XL: |  1  2 |
---------------+-------+-----
Dodging        | 3 |  3.3
Unarmed Combat | 2 |  2.3
Stealth        | |  4.2
Spellcasting   | |  2.0
Hexes          | |  4.4

Action                   || total
-------------------------++-------
Melee: Unarmed           ||   106
       Bite              ||     9
 Stab: Sleeping          ||     9
  Eat: Chunk             ||     4
Armor: Skin              ||    11
Dodge: Dodged            ||   113
